AoeStats
← jichuo

Arena

510061415Analyzed
2v2 RM · 4d ago on Sep 29, 2026· 61m 48s· 4 players
Game mode
Random Map
Map size
Medium (4 player)
Population
200
Speed
Normal
Resources
Standard
Victory
Conquest
Starting age
Dark Age
Ending age
Imperial Age
RankedLock teamsTeams togetherTeam positionsShared explorationLock speedFull tech treeHidden civsTurbo modeCheats
Victory
Defeat
🇪🇸 Slavs · Spain
1504
+12
🇨🇳 Turks · China
1332
+19
🇨🇳 Malay · China
1418
-16
🇺🇸 Gurjaras · United States
1387
-15
秦墨子
11:11 Feudal Age
11:48 Wheelbarrow
14:23 Castle Age
13:01 Double-Bit Axe
17:09 Horse Collar
18:35 Bow Saw
19:59 Heavy Plow
20:39 Gold Mining
22:02 Hand Cart
25:01 Gold Shaft Mining
27:28 Imperial Age
24:52 Loom
24:52 Town Watch
25:35 Stone Mining
25:45 Fletching
25:56 Padded Archer Armor
26:17 Squires
25:39 Pikeman
26:05 Arson
27:14 Stone Shaft Mining
26:38 Bodkin Arrow
26:31 Treadmill Crane
26:20 Crossbowman
28:37 Chemistry
27:43 Bracer
28:03 Leather Archer Armor
27:56 Thumb Ring
28:46 Arbalester
31:55 Conscription
32:27 Ring Archer Armor
32:08 Forging
33:24 Bombard Tower
33:24 Ballistics
33:28 Bombard Tower
34:03 Scale Barding Armor
33:19 Halberdier
37:39 Iron Casting
40:15 Masonry
40:02 Murder Holes
43:41 Blast Furnace
42:05 Onager
48:46 Elite Skirmisher
54:43 Light Cavalry
55:24 Husbandry
58:06 Forced Levy
alexisjcw
6:42 Loom
8:57 Feudal Age
10:56 Fletching
11:44 Double-Bit Axe
12:50 Wheelbarrow
15:07 Gold Mining
15:09 Stone Mining
17:11 Gold Mining
21:20 Castle Age
22:39 Bodkin Arrow
30:42 Forging
30:33 Scale Mail Armor
36:08 Imperial Age
36:05 Iron Casting
35:46 Chain Mail Armor
35:53 Arson
36:23 Horse Collar
37:20 Conscription
37:12 Bracer
39:07 Gold Shaft Mining
40:06 Chain Mail Armor
43:41 Scale Barding Armor
43:43 Husbandry
43:53 Bloodlines
43:56 Heavy Camel Rider
44:58 Chain Barding Armor
45:33 Ballistics
46:14 Chemistry
46:11 Heavy Plow
47:10 Plate Barding Armor
49:06 Kshatriyas
49:59 Elite Skirmisher
50:46 Padded Archer Armor
51:13 Thumb Ring
50:50 Elite Elephant Archer
52:48 Frontier Guards
54:28 Hoardings
54:13 Hand Cart
53:44 Town Watch
55:26 Leather Archer Armor
58:44 Light Cavalry
60:19 Hussar
Flow
11:22 Feudal Age
15:19 Castle Age
13:08 Double-Bit Axe
13:04 Horse Collar
15:24 Light Cavalry
22:31 Bow Saw
22:28 Heavy Plow
24:13 Wheelbarrow
23:53 Town Watch
26:45 Imperial Age
25:37 Pikeman
26:17 Squires
26:18 Scale Mail Armor
26:29 Forging
26:26 Loom
27:05 Halberdier
30:10 Heavy Scorpion
32:04 Chemistry
31:24 Ballistics
31:13 Gold Mining
30:53 Capped Ram
31:51 Man-at-Arms
32:51 Chain Mail Armor
32:34 Siege Ram
32:38 Long Swordsman
33:44 Two-Handed Swordsman
34:55 Plate Mail Armor
35:00 Iron Casting
36:04 Siege Engineers
37:14 Conscription
37:58 Iron Casting
37:49 Champion
40:18 Hoardings
40:46 Gold Shaft Mining
41:39 Blast Furnace
43:44 Fletching
47:34 Druzhina
52:28 Detinets
54:59 Scale Barding Armor
55:15 Fortified Wall
55:46 Onager
57:23 Chain Barding Armor
61:45 Town Patrol
jichuo
8:59 Feudal Age
10:34 Double-Bit Axe
12:15 Fletching
12:45 Loom
13:23 Stone Mining
24:50 Castle Age
24:54 Gold Mining
28:08 Wheelbarrow
34:42 Bow Saw
39:43 Imperial Age
38:28 Padded Archer Armor
41:41 Hand Cart
45:39 Two-Man Saw
46:38 Hand Cart
47:43 Bloodlines
47:34 Husbandry
47:49 Forging
47:45 Scale Barding Armor
49:36 Town Watch
57:38 Iron Casting
58:19 Horse Collar
60:27 Chain Barding Armor
62:25 Plate Barding Armor
62:51 Blast Furnace
Connection lost

Rejoining the realm…

Still unreachable

The connection could not be restored.

Session expired

The server has moved on; the page needs a fresh start.